 Dungeon Crawl Stone Soup version 0.29.1-15-g9cfb28693d (webtiles) character file.

Game seed: 1789983761196375963

309 javelincjr the Magician (level 6, -3/67 HPs)
             Began as a Djinni Conjurer on Mar 8, 2023.
             Slain by a bullfrog (7 damage)
             ... in a sewer.
             The game lasted 00:10:38 (3258 turns).

javelincjr the Magician (Djinni Conjurer)           Turns: 3258, Time: 00:10:39

Health: -3/67      AC:  2    Str:  8    XL:     6   Next: 69%
Gold:   86         EV: 12    Int: 20    God:
                   SH:  0    Dex: 11

rFire   + + +      SeeInvis .   l - +2 long sword (vamp)
rCold   x x .      Faith    .   o - orb {*Rage}
rNeg    . . .      Spirit   .   a - +0 robe
rPois   ∞          Reflect  .   (no helmet)
rElec   .          Harm     .   (no cloak)
rCorr   .          Rampage  .   (no gloves)
Will    .....      Rage     20% (boots unavailable)
Stlth   ..........              (no amulet)
HPRegen 0.21/turn               w - ring of fire
MPRegen 0.00/turn               (no ring)

@: berserking, flying, very quick
A: sickness immunity, fire resistance 2, cold vulnerability 1, float, innate
caster, HP casting, extra vitality 1
a: no special abilities


You were in a sewer.
You visited 1 branch of the dungeon, and saw 3 of its levels.
You also visited: Sewer.

You collected 86 gold pieces.

Inventory:

Hand Weapons
 f - a +1 dagger of holy wrath
 l - a +2 vampiric long sword (weapon)
 s - a +3 dagger of venom
Armour
 a - a +0 robe (worn)
 k - a +1 chain mail of fire resistance
 o - an orb of wrath (worn)
Jewellery
 w - a ring of fire (left hand)
Scrolls
 b - 4 scrolls of vulnerability {unknown}
 g - a scroll of noise {unknown}
 h - a scroll of brand weapon {unknown}
 m - 2 scrolls of torment {unknown}
 n - 2 scrolls of identify {unknown}
 p - a scroll of immolation {unknown}
 q - a scroll of enchant armour {unknown}
 t - a scroll of summoning {unknown}
 u - a scroll of fear {unknown}
 x - a scroll of teleportation {unknown}
 y - a scroll of enchant weapon {unknown}
Potions
 c - a potion of heal wounds {unknown}
 d - a potion of attraction {unknown}
 e - a potion of curing {unknown}
 i - a potion of degeneration {unknown}
 j - 3 potions of might {unknown}
 r - a potion of brilliance {unknown}
 v - a potion of haste {unknown}


   Skills:
 * Level 2.6 Fighting
 + Level 1.6 Armour
 + Level 3.6 Dodging
 + Level 2.9 Stealth
 * Level 4.1 Spellcasting


You couldn't memorise any spells.
You knew the following spells:

 Your Spells              Type           Power      Damage    Failure   Level
a - Magic Dart            Conj           80%        1d7       2%          1
b - Searing Ray           Conj           40%        2d5       3%          2
c - Dazzling Flash        Conj/Hex       40%        N/A       7%          3
d - Fulminant Prism       Conj/Hex       10%        3d9       22%         4
e - Iskenderun's Mystic   Conj/Tloc      20%        2d6       22%         4
f - Sandblast             Erth           40%        2d10      2%          1
g - Blink                 Tloc           40%        N/A       3%          2
Your spell library was empty.

Dungeon Overview and Level Annotations

Branches:
Dungeon (3/15)              Sewer (1/1)

Altars:


Innate Abilities, Weirdness & Mutations

You are immune to sickness and miasma.
You are immune to poison.
Your flesh is very heat resistant. (rF++)
You are vulnerable to cold. (rC-)
You float through the air rather than walking.
You learn spells naturally, not from books.
Your magical power is your life essence.
You have superior vitality. (+4 MHP)


Message History

The bullfrog is moderately wounded. (Press . to maintain the ray.)
The bullfrog barely misses you. The bullfrog hits you!
A red film seems to cover your vision as you go berserk!
You feel yourself moving faster!
You feel mighty!
You closely miss the bullfrog.
The bullfrog is almost dead.
The bullfrog barely misses you.
The bullfrog swells and bulges.
The bullfrog hits you but does no damage.
The bullfrog misses you. The adder barely misses you.
The bullfrog hits you but does no damage.
The adder barely misses you. The bullfrog hits you.
* * * LOW HITPOINT WARNING * * *
Unknown command.
You miss the bullfrog.
The bullfrog is almost dead.
The bullfrog barely misses you. The adder barely misses you.
The bullfrog hits you but does no damage.
The adder barely misses you.
You barely miss the bullfrog.
The bullfrog is almost dead.
The bullfrog hits you.
* * * LOW HITPOINT WARNING * * *
The bullfrog hits you.
* * * LOW HITPOINT WARNING * * *
The adder bites you.
* * * LOW HITPOINT WARNING * * *
The adder closely misses you.
You are too berserk!
You barely miss the bullfrog.
The bullfrog is almost dead.
The bullfrog barely misses you. The bullfrog hits you.
* * * LOW HITPOINT WARNING * * *
The adder bites you.
* * * LOW HITPOINT WARNING * * *
The adder bites you.
* * * LOW HITPOINT WARNING * * *
The bullfrog hits you!
You die...

#####################
###.#≈~≈≈≈≈≈≈≈≈~≈≈≈~..S
##....~≈~≈≈≈~..~≈≈~≈≈~.S
#.....~~~~~~#~≈≈~~~≈~~..
#††.†.~~~~≈~≈F≈≈~~~~≈..F
##.....~~≈~≈≈@F≈≈~≈~≈~~..
#......~≈≈≈≈≈SS≈≈≈≈≈~~...
#....####################
##...#### #....#..#
#....'..# #†..#####
##...##
#.†..####################


You could see 2 bullfrogs and 2 adders.

Vanquished Creatures
  The ghost of croobank the Insei, an amateur OpTm (D:3)
  6 adders
  7 river rats
  A hound simulacrum (D:3)
  A worm (D:3)
  2 dart slugs
  12 ball pythons
  5 endoplasms
  5 giant cockroaches
  2 goblins
  3 hobgoblins
  4 kobolds
  A ball python simulacrum (D:3)
  A bat (D:2)
  7 frilled lizards
  A giant cockroach simulacrum (D:3)
  21 rats
80 creatures vanquished.

Notes
Turn   | Place    | Note
-------+----------+-------------------------------------------
     0 | D:1      | javelincjr the Djinni Conjurer began the quest for the Orb.
     0 | D:1      | javelincjr set off with the following spells memorised:
                  | Magic Dart, Searing Ray, Dazzling Flash, Fulminant Prism,
                  | Iskenderun's Mystic Blast.
     0 | D:1      | Reached XP level 1. HP: 15/15 MP: 0/0
   150 | D:1      | Reached XP level 2. HP: 9/21 MP: 0/0
   795 | D:1      | Reached XP level 3. HP: 21/25 MP: 0/0
   795 | D:1      | Learned a level 1 spell: Sandblast
   953 | D:1      | Found a faded altar of an unknown god.
  1999 | D:2      | Reached XP level 4. HP: 26/31 MP: 0/0
  2244 | D:3      | Found a runed translucent gate.
  2244 | D:3      | Found a runed translucent gate.
  2244 | D:3      | Found a runed translucent gate.
  2326 | D:3      | Noticed croobank's ghost (amateur OpTm)
  2339 | D:3      | Killed croobank's ghost
  2340 | D:3      | Reached skill level 1 in Armour
  2340 | D:3      | Reached XP level 5. HP: 6/38 MP: 0/0
  2340 | D:3      | Learned a level 2 spell: Blink
  2481 | D:3      | Found a glowing drain.
  2495 | D:3      | Reached skill level 4 in Spellcasting
  2495 | D:3      | Reached XP level 6. HP: 14/43 MP: 0/0
  2580 | Sewer    | Entered a sewer
  3258 | Sewer    | Slain by a bullfrog

Illustrated notes

Levels and vault maps discovered:
D:1:      lightli_arrival_statue_moat, layout_loops_cross,
          ebering_ecumenical_altar_webs
D:2:      layout_loops_cross, minivault_24, minivault_5
D:3:      kennysheep_goblin_castle, layout_basic, trog_hazing_becter,
          portal_sewer_entry_a, gammafunk_ghost_icy
Sewer:    sewer_minmay_w

Skill      XL: |  1  2  3  4  5 |
---------------+----------------+-----
Stealth        | 2 |  2.9
Dodging        | 3 |  3.6
Fighting       | 2 |  2.6
Armour         | 1 |  1.6
Spellcasting   | 4 |  4.1

Action                   |  1- 3 |  4- 6 || total
-------------------------+-------+-------++-------
Melee: Long sword        |     6 |    11 ||    17
 Cast: Magic Dart        |    60 |    43 ||   103
       Searing Ray       |     2 |    17 ||    19
       Iskenderun's Myst |       |     2 ||     2
Armor: Robe              |       |     9 ||     9
Dodge: Dodged            |     6 |    27 ||    33
